 Dungeon Crawl Stone Soup version 0.24.0 (webtiles) character file.

Game seed: 17595245552370257231, levelgen mode: deterministic

34 GoblinMemester the Sneak (level 3, 22/24 HPs)
             Began as an Octopode Wanderer on Feb 6, 2020.
             Quit the game on level 2 of the Dungeon.
             The game lasted 00:07:25 (956 turns).

GoblinMemester the Sneak (Octopode Wanderer)         Turns: 956, Time: 00:07:25

Health: 22/24      AC:  1    Str: 10    XL:     3   Next: 31%
Magic:  3/3        EV: 13    Int: 15    God:
Gold:   142        SH:  0    Dex: 12    Spells: 2/2 levels left

rFire    . . .     SeeInvis .   i - -2 whip (curse)
rCold    . . .     Gourm    .   (no shield)
rNeg     . . .     Faith    .   (helmet restricted)
rPois    .         Spirit   .   (no amulet)
rElec    .         Reflect  .   (no ring)
rCorr    .         Harm     .   (no ring)
MR       .....                  (no ring)
Stlth    +++.......             (no ring)
HPRegen  0.08/turn              (no ring)
MPRegen  0.08/turn              (no ring)
                                (no ring)
                                (no ring)

@: no status effects
A: almost no armour, stealthy swim, amphibious, 8 rings, constrict 8, camouflage
1, gelatinous body 1
a: no special abilities


You were on level 2 of the Dungeon.
You were not hungry.

You visited 1 branch of the dungeon, and saw 2 of its levels.

You collected 142 gold pieces.

Inventory:

Hand Weapons
 a - a +1 dagger
 e - a +0 morningstar
 i - a cursed -2 whip (weapon)
Missiles
 d - 2 throwing nets (quivered)
Scrolls
 b - 2 scrolls of teleportation
Potions
 c - 2 potions of curing
 h - a potion of heal wounds {unknown}
 j - a potion of might
Comestibles
 f - 2 rations
 g - 7 chunks of flesh


   Skills:
 + Level 2.2 Fighting
 + Level 0.6 Short Blades
   Level 3.0 Polearms
 + Level 1.3 Throwing
 * Level 2.5 Dodging
 * Level 3.6 Stealth


You had 2 spell levels left.
You didn't know any spells.
Your spell library was empty.

Dungeon Overview and Level Annotations

Branches:
Dungeon (2/15)

Altars:


Innate Abilities, Weirdness & Mutations

You cannot wear most types of armour.
You are very stealthy in the water. (Stealth+)
You are amphibious.
You can wear up to eight rings at the same time.
You can use your tentacles to constrict eight enemies at once.
Your skin changes colour to match your surroundings (Stealth+).
Your rubbery body absorbs attacks. (AC +1, EV +1)


Message History

c - 2 potions of curing (gained 1)
Found a stone staircase leading up.
Found an escape hatch in the ceiling.
A giant cockroach comes into view.
Found a morningstar.
You hit the giant cockroach but do no damage.
Your grab misses the giant cockroach.
Your squeeze misses the giant cockroach.
The giant cockroach bites you. x2
You hit the giant cockroach but do no damage.
You grab the giant cockroach. You squeeze the giant cockroach.
The giant cockroach is almost dead.
You constrict the giant cockroach.
You kill the giant cockroach!
You see here a giant cockroach corpse.
You butcher the giant cockroach corpse.
g - 7 chunks of flesh (gained 2)
You see here a morningstar.
e - a morningstar Are you sure you want to abandon this character and quit the game? (Confirm with "yes".)

.[รท.#########.....#.######****,*
..### #......<.#.#.# *,*
..######.#####<...#.# *,*
...<.....# #.####.# *,**
########## #.# #.# *,,, #.# #.#
**** #.# #.# #.####.## ***** **
#..@....# *,,,, .* #####.#.#
*,*** .* #...# *,* * ,* #.#.# *,*
* ,* #.#.# *,* * ,* **#.#.# *,* *
,*** *,....# *,* * ,,,*
*****,###,**** *,* * **,* *,,,,,*
*,,,,* *,*


There were no monsters in sight!

Vanquished Creatures
  An adder (D:2)
  2 bats
  2 giant cockroaches (D:2)
  4 goblins
  3 hobgoblins (D:1)
  3 jackals (D:1)
  A frilled lizard (D:1)
  2 kobolds (D:1)
  5 rats
23 creatures vanquished.

Notes
Turn   | Place    | Note
-------+----------+-------------------------------------------
     0 | D:1      | GoblinMemester the Octopode Wanderer began the quest for
                  | the Orb.
     0 | D:1      | GoblinMemester set off with the following items: a +0
                  | dagger, a scroll of teleportation, a potion of curing, 2
                  | throwing nets, a ration
     0 | D:1      | Reached XP level 1. HP: 14/14 MP: 1/1
   261 | D:1      | Reached XP level 2. HP: 5/19 MP: 2/2
   887 | D:2      | Reached XP level 3. HP: 18/24 MP: 3/3
   956 | D:2      | Quit the game

Levels and vault maps discovered:
D:1:      dpeg_arrival_line_fractal, layout_basic
D:2:      layout_loops_ring, first_ration, uniq_natasha, uniq_terence
